 Dungeon Crawl Stone Soup version 0.32-a0-975-g85d4e5bfdb (webtiles) character file.

Game seed: 2431454827866976667

469 Elsrick the Chopper (level 6, 0/45 HPs)
             Began as a Demigod Fighter on Apr 19, 2024.
             Slain by Blork the orc
             ... wielding a +0 short sword
              (2 damage)
             ... on level 5 of the Dungeon.
             The game lasted 00:08:24 (3072 turns).

Elsrick the Chopper (Demigod Fighter)               Turns: 3072, Time: 00:08:26

Health: 0/45       AC:  9    Str: 25    XL:     6   Next: 52%
Magic:  8/8        EV:  9    Int: 10    God:
Gold:   181        SH:  4    Dex: 13    Spells: 5/5 levels left

rFire   . . .        n - +1 war axe (heavy)
rCold   . . .        c - +0 buckler
rNeg    . . .        b - +0 scale mail
rPois   .            (no helmet)
rElec   .            k - +0 cloak
rCorr   .            g - +0 pair of gloves
SInv    .            (no boots)
Will    .....        (no amulet) Stlth
                     (no ring)
HPRegen 0.27/turn    (no ring)
MPRegen 0.11/turn

%: no passive effects
@: brilliant, lethally poisoned (0 -> -3), about to teleport
A: high MP 1, forlorn, divine attributes, frail 1, mutation resistance 1, wild
magic 1
a: no special abilities


You were on level 5 of the Dungeon.
You visited 1 branch of the dungeon, and saw 5 of its levels.

You collected 181 gold pieces.

Inventory:

Hand Weapons
 a - a +0 long sword
 n - a +1 heavy war axe (weapon)
 r - a +2 dagger of venom
Missiles
 m - 3 boomerangs (quivered)
Armour
 b - a +0 scale mail (worn)
 c - a +0 buckler (worn)
 g - a +0 pair of gloves (worn)
 k - a +0 cloak (worn)
Wands
 d - a wand of flame (21)
 s - a wand of charming (5)
Scrolls
 e - a scroll of blinking {unknown}
 h - a scroll of revelation {unknown}
 i - 2 scrolls of teleportation
 l - 2 scrolls of enchant armour {unknown}
 t - a scroll of amnesia {unknown}
Potions
 f - 2 potions of mutation
 j - 2 potions of brilliance
 o - a potion of attraction {unknown}
 p - a potion of degeneration {unknown}
 q - 2 potions of magic {unknown}


   Skills:
 + Level 3.3 Fighting
 + Level 2.2 Long Blades
 * Level 4.1 Axes
 + Level 0.1 Throwing
 + Level 3.9 Armour
 + Level 1.1 Dodging
 + Level 3.7 Shields


You had 5 spell levels left.
You didn't know any spells.
Your spell library was empty.

Dungeon Overview and Level Annotations

Branches:
Dungeon (5/15)
 Temple: D:4-7

Shops:
D:4 !

Annotations:
D:5 Blork the orc


Innate Abilities, Weirdness & Mutations

You have an increased reservoir of magic. (+10% MP)
You shall have no god before yourself.
Your divine heritage dramatically boosts your attributes as you level up.
You are frail. (-10% HP)
You are somewhat resistant to further mutation.
Your spells are a little harder to cast, but a little more powerful.


Message History

You feel extremely sick.
Blork the orc splashes around in the water.
Blork the orc barely misses you.
The scorpion stings you but does no damage.
Blork the orc says, "I was weak, but now I'm strong.
And I'll get stronger."
Blork the orc splashes around in the water.
The scorpion stings you.
You hit Blork the orc.
Blork the orc is moderately wounded.
You barely miss the scorpion.
You feel very sick.
Blork the orc splashes around in the water.
You block Blork the orc's attack.
The scorpion stings you but does no damage.
The scorpion barely misses you.
Blork the orc hits you but does no damage.
It was a potion of mutation.
You feel extremely strange.
You feel less in control of your magic.
You feel frail.
You feel genetically stable.
You feel very sick. Blork the orc completely misses you.
The scorpion completely misses you. Blork the orc barely misses you.
The scorpion barely misses you.
You feel sick.
Blork the orc attacks as he pursues you!
Blork the orc hits you with a +0 short sword.
* * * LOW HITPOINT WARNING * * *
It was a potion of brilliance.
You feel clever all of a sudden.
You feel sick. You block Blork the orc's attack.
The scorpion stings you but does no damage.
Blork the orc hits you with a +0 short sword!
* * * LOW HITPOINT WARNING * * *
Unknown command.
As you read the scroll of teleportation, it crumbles to dust.
You feel strangely unstable.
* * * LOW HITPOINT WARNING * * *
You feel sick.
Blork the orc hits you with a +0 short sword.
You die...
Blork the orc shouts, "I believe in me!"

...............#
##..........####
######.....#
#.....# #.....#
#.....# ...#
+.....+ .....
#.....#####....#
#.....P@o...P...
#..P....s~....#.
###P...~~♣~~..P.
##..P~~~~♣.♣..
#♣..♣~~~~♣~..
#.P..~~♣~~..P
#.#P..~~~~...
#.##P..♣P..# ..
.....###


You could see Blork the orc (fast) and a scorpion.

Vanquished Creatures
  2 ogres (D:3)
  An orc priest (D:3)
  An iguana (D:5)
  Ijyb (D:2)
  3 orc wizards
  4 gnolls (D:4)
  4 adders
  3 dart slugs
  3 orcs
  5 ball pythons
  6 endoplasms
  A giant cockroach (D:1)
  12 goblins
  3 hobgoblins
  4 jackals (D:1)
  3 kobolds
  2 quokkas
  3 bats
  3 frilled lizards
  5 rats
69 creatures vanquished.

Notes
Turn   | Place    | Note
-------+----------+-------------------------------------------
     0 | D:1      | Elsrick the Demigod Fighter began the quest for the Orb.
     0 | D:1      | Reached XP level 1. HP: 18/18 MP: 3/3
   328 | D:1      | Reached XP level 2. HP: 23/25 MP: 4/4
   753 | D:2      | Identified the +0 ring mail "Figgig" {Harm rN+ Str+5 Int-5}
   786 | D:2      | Reached XP level 3. HP: 31/31 MP: 5/5
   966 | D:2      | Noticed Ijyb
   976 | D:2      | Killed Ijyb
   984 | D:2      | Reached XP level 4. HP: 17/38 MP: 6/6
  1350 | D:3      | Reached skill level 1 in Axes
  1732 | D:3      | Reached skill level 2 in Axes
  1741 | D:3      | Reached XP level 5. HP: 38/45 MP: 7/7
  2018 | D:3      | Noticed an ogre
  2021 | D:3      | Killed an ogre
  2022 | D:3      | Reached skill level 3 in Axes
  2101 | D:4      | Noticed an ogre
  2109 | D:3      | Killed an ogre
  2110 | D:3      | Reached skill level 1 in Dodging
  2110 | D:3      | Reached XP level 6. HP: 37/51 MP: 8/8
  2363 | D:4      | Reached skill level 4 in Axes
  2508 | D:4      | Noticed a titan simulacrum
  2509 | D:4      | Noticed a spectral ugly thing
  2509 | D:4      | Noticed a titan simulacrum
  2824 | D:4      | Found Voebu's Distillery.
  2934 | D:5      | Entered Level 5 of the Dungeon
  3060 | D:5      | Noticed Blork the orc
  3069 | D:5      | Gained mutation: Your spells are a little harder to cast,
                  | but a little more powerful. [potion of mutation]
  3069 | D:5      | Gained mutation: You are frail. (-10% HP) [potion of
                  | mutation]
  3069 | D:5      | Gained mutation: You are somewhat resistant to further
                  | mutation. [potion of mutation]
  3071 | D:5      | HP: 2/45 [Blork the orc/+0 short sword (7)]
  3072 | D:5      | Slain by Blork the orc

Illustrated notes

Levels and vault maps discovered:
D:1:      doesnt_arrival_eight_statues, layout_basic
D:2:      kennysheep_the_goblin_king, layout_basic,
          hellmonk_ecumenical_altar_slurped_away
D:3:      layout_loops_cross, minmay_misc_feat_columns, grunt_ministairs_14
D:4:      layout_rooms, regret_index_temple_of_mockery, zin_statuary,
          serial_shops, shop
D:5:      layout_basic, grunt_temple_overflow_opulence,
          okawaru_ov_weapons_minmay, serial_bayou_pond_a, hellmonk_no_cap,
          uniq_blork_the_orc, uniq_ijyb

Skill      XL: |  1  2  3  4  5  6 |
---------------+-------------------+-----
Armour         | 3 |  3.9
Long Blades    | 2 |  2.2
Fighting       | 3 |  3.3
Shields        | 3 |  3.7
Axes           | 2 3 4 |  4.1
Dodging        | 1 |  1.1
Throwing       | |  0.1

Action                     |  1- 3 |  4- 6 || total
---------------------------+-------+-------++-------
  Melee: Long sword        |    62 |       ||    62
         War axe           |    34 |    89 ||   123
  Throw: Boomerang         |     2 |     4 ||     6
    Use: Potion            |     1 |     2 ||     3
         Scroll            |       |     2 ||     2
 Armour: Scale mail        |    77 |   136 ||   213
  Dodge: Dodged            |    42 |    47 ||    89
  Block: Buckler           |    27 |    25 ||    52

Table legend: (Time is in decaauts)
 A = Elapsed time spent in this place.
 B = Non-inter-level travel time spent in this place.
 C = Inter-level travel time spent in this place.
 D = Time resting spent in this place.
 E = Time spent auto-exploring this place.
 F = Levels seen in this place.
 G = Mean time per level.
                   A        B        C        D        E       F      G
               +--------+--------+--------+--------+--------+-----+--------+
         Total |   3234 |   3039 |    195 |    578 |   1607 |   5 |  646.8 |
       Dungeon |   3234 |   3039 |    195 |    578 |   1607 |   5 |  646.8 |
               +--------+--------+--------+--------+--------+-----+--------+

Top non-repeatable levels by time:
     D:3: 1030 daAuts
     D:4: 765 daAuts
     D:1: 686 daAuts
     D:2: 606 daAuts
     D:5: 143 daAuts
